General information
- name: BNet
- type: Ladder team game (AT/RT)
- host: Battle.net
- saver: qadsd
map: FullScaleAssault
- players: 8
- length: 58:06
- speed: Fast
- version: 1.26 W3XP
- replay type: Public
» download(316 KB)
Players
team 1 (winner)

»
whatitis (
teal | 67 APM | 1847 actions | 27:29)
6 Death Knight
3 Death Coil
2 Unholy Aura
1 Animate Dead
4 Lich
3 Frost Nova
1 Frost Armor
1 Dark Ranger
1 Silence
» actions
| Assign group hotkey | 27 | |
| Basic commands | 6 | |
| Build / train | 100 | |
| Enter build submenu | 25 | |
| Enter hero's abilities submenu | 12 | |
| Give item / drop item | 4 | |
| Remove unit from queue | 1 | |
| Right click | 870 | |
| Select / deselect | 272 | |
| Select group hotkey | 395 | |
| Use ability | 135 | |
1847 total
» units
| Acolyte | 18 | |
| Ghoul | 5 | |
| Crypt Fiend | 15 | |
| Frost Wyrm | 7 | |
| Goblin Shredder | 2 | |
| Blue Dragon | 3 | |
50 total
» upgrades
| Creature Attack | 1 | |
| Creature Carapace | 1 | |
| Web | 1 | |
| Burrow | 1 | |
| Freezing Breath | 1 | |
5 total
» buildings
| Ziggurat | 10 | |
| Altar of Darkness | 1 | |
| Crypt | 1 | |
| Graveyard | 1 | |
| Tomb of Relics | 1 | |
| Nerubian Tower | 3 | |
| Halls of the Dead | 2 | |
| Necropolis | 1 | |
| Spirit Tower | 5 | |
| Black Citadel | 1 | |
| Sacrificial Pit | 1 | |
| Boneyard | 3 | |
30 total
» build order
00:21 Ziggurat
00:24 Altar of Darkness
00:33 Crypt
00:58 Graveyard
01:13 Tomb of Relics
01:29 Ziggurat
02:08 Nerubian Tower
04:41 Halls of the Dead
04:41 Halls of the Dead
04:48 Ziggurat
06:49 Ziggurat
06:51 Ziggurat
06:52 Ziggurat
06:54 Ziggurat
07:01 Necropolis
07:53 Spirit Tower
07:54 Spirit Tower
07:54 Spirit Tower
08:26 Spirit Tower
09:13 Black Citadel
09:32 Sacrificial Pit
11:58 Ziggurat
12:02 Boneyard
13:02 Boneyard
13:54 Boneyard
18:55 Ziggurat
18:56 Nerubian Tower
18:58 Ziggurat
» items
| Rod of Necromancy | 2 | |
| Boots of Speed | 1 | |
| Potion of Healing | 1 | |
| Dust of Appearance | 2 | |
| Scroll of Town Portal | 2 | |
| Scroll of Healing | 2 | |
| Orb of Corruption | 1 | |
| Potion of Mana | 2 | |
13 total
ink718 (
purple | 82 APM | 1960 actions | 23:48)
1 Blademaster
1 Wind Walk
» actions
| Assign group hotkey | 41 | |
| Basic commands | 5 | |
| Build / train | 64 | |
| ESC pressed | 12 | |
| Enter build submenu | 32 | |
| Enter hero's abilities submenu | 1 | |
| Remove unit from queue | 2 | |
| Right click | 940 | |
| Select / deselect | 508 | |
| Select group hotkey | 199 | |
| Use ability | 155 | |
1960 total
» units
| Peon | 28 | |
| Wind Rider | 10 | |
| Troll Batrider | 5 | |
43 total
» upgrades
| Liquid Fire | 1 | |
| Ranged Weapons | 2 | |
| Envenomed Spears | 1 | |
4 total
» buildings
| Orc Burrow | 10 | |
| Altar of Storms | 1 | |
| Stronghold | 3 | |
| Voodoo Lounge | 1 | |
| War Mill | 1 | |
| Beastiary | 5 | |
| Fortress | 4 | |
| Spirit Lodge | 1 | |
| Tauren Totem | 3 | |
| Watch Tower | 7 | |
36 total
» build order
00:06 Orc Burrow
00:22 Altar of Storms
02:39 Stronghold
02:39 Stronghold
02:46 Voodoo Lounge
02:51 War Mill
05:02 Beastiary
05:04 Beastiary
05:05 Beastiary
05:06 Beastiary
05:07 Beastiary
05:10 Fortress
05:10 Fortress
05:11 Fortress
05:11 Fortress
05:29 Orc Burrow
05:30 Orc Burrow
05:43 Orc Burrow
11:30 Orc Burrow
11:34 Orc Burrow
12:44 Spirit Lodge
12:48 Tauren Totem
12:49 Tauren Totem
12:50 Tauren Totem
16:33 Orc Burrow
16:34 Orc Burrow
18:34 Watch Tower
18:37 Watch Tower
18:59 Watch Tower
19:32 Watch Tower
19:35 Watch Tower
20:28 Orc Burrow
20:40 Orc Burrow
21:05 Watch Tower

»
BooOOooOO (
pink | 45 APM | 1297 actions | 28:38)
5 Dark Ranger
1 Black Arrow
2 Life Drain
2 Silence
2 Lich
1 Frost Nova
1 Frost Armor
1 Blademaster
1 Critical Strike
» actions
| Assign group hotkey | 9 | |
| Basic commands | 197 | |
| Build / train | 90 | |
| Enter build submenu | 29 | |
| Enter hero's abilities submenu | 8 | |
| Give item / drop item | 7 | |
| Right click | 478 | |
| Select / deselect | 389 | |
| Select group hotkey | 25 | |
| Use ability | 65 | |
1297 total
» units
| Acolyte | 17 | |
| Ghoul | 2 | |
| Crypt Fiend | 14 | |
| Goblin Shredder | 2 | |
| Goblin Zeppelin | 2 | |
| Frost Wyrm | 7 | |
| Goblin Sapper | 5 | |
| Wind Rider | 3 | |
52 total
» upgrades
| Burrow | 1 | |
| Web | 1 | |
| Creature Attack | 2 | |
| Creature Carapace | 1 | |
5 total
» buildings
| Crypt | 3 | |
| Graveyard | 1 | |
| Ziggurat | 11 | |
| Altar of Darkness | 1 | |
| Necropolis | 3 | |
| Halls of the Dead | 1 | |
| Spirit Tower | 5 | |
| Tomb of Relics | 1 | |
| Black Citadel | 1 | |
| Sacrificial Pit | 1 | |
| Boneyard | 3 | |
31 total
» build order
00:11 Crypt
00:21 Graveyard
00:41 Ziggurat
01:10 Altar of Darkness
01:46 Ziggurat
03:08 Ziggurat
04:25 Necropolis
05:18 Halls of the Dead
05:47 Ziggurat
05:49 Ziggurat
05:53 Ziggurat
06:52 Spirit Tower
07:34 Tomb of Relics
07:46 Black Citadel
08:14 Spirit Tower
08:32 Spirit Tower
09:34 Sacrificial Pit
09:54 Ziggurat
09:57 Ziggurat
10:30 Boneyard
10:32 Boneyard
10:36 Boneyard
11:23 Spirit Tower
12:06 Necropolis
14:51 Necropolis
14:56 Ziggurat
15:10 Ziggurat
15:18 Ziggurat
16:12 Spirit Tower
19:58 Crypt
20:06 Crypt
» items
| Potion of Healing | 2 | |
| Scroll of Town Portal | 9 | |
| Scroll of Regeneration | 1 | |
12 total
qadsd (
blue | 50 APM | 2908 actions | 58:06)
7 Blood Mage
3 Flame Strike
3 Banish
1 Summon Phoenix
» actions
| Assign group hotkey | 66 | |
| Basic commands | 98 | |
| Build / train | 253 | |
| Enter build submenu | 92 | |
| Enter hero's abilities submenu | 7 | |
| Give item / drop item | 10 | |
| Remove unit from queue | 1 | |
| Right click | 831 | |
| Select / deselect | 521 | |
| Select group hotkey | 776 | |
| Use ability | 252 | |
2908 total
» units
| Peasant | 20 | |
| Footman | 4 | |
| Goblin Zeppelin | 3 | |
| Goblin Shredder | 5 | |
| Gryphon Rider | 2 | |
| Dragonhawk Rider | 4 | |
38 total
» upgrades
| Masonry | 3 | |
| Swords | 3 | |
| Lumber Harvesting | 2 | |
| Armor | 3 | |
| Storm Hammers | 1 | |
| Animal War Training | 1 | |
| Cloud | 1 | |
| Sorceress Training | 2 | |
| Plating | 1 | |
| Gunpowder | 1 | |
| Reinforced Defenses | 1 | |
| Spiked Barricades | 1 | |
20 total
» buildings
| Altar of Kings | 2 | |
| Farm | 15 | |
| Barracks | 1 | |
| Arcane Vault | 2 | |
| Lumber Mill | 3 | |
| Town Hall | 2 | |
| Scout Tower | 48 | |
| Guard Tower | 112 | |
| Keep | 8 | |
| Blacksmith | 1 | |
| Castle | 8 | |
| Gryphon Aviary | 8 | |
| Arcane Sanctum | 1 | |
| Watch Tower | 4 | |
215 total
» build order
00:21 Altar of Kings
00:35 Farm
00:51 Farm
01:04 Barracks
01:43 Farm
02:11 Arcane Vault
02:42 Lumber Mill
02:59 Farm
03:52 Town Hall
03:54 Scout Tower
03:55 Scout Tower
03:56 Scout Tower
03:57 Scout Tower
04:41 Guard Tower
04:41 Guard Tower
04:41 Guard Tower
05:18 Keep
05:18 Keep
05:18 Keep
05:36 Guard Tower
05:36 Guard Tower
05:36 Guard Tower
05:41 Guard Tower
05:42 Guard Tower
05:42 Guard Tower
06:19 Blacksmith
06:25 Scout Tower
06:26 Scout Tower
06:28 Scout Tower
07:15 Guard Tower
07:15 Guard Tower
07:15 Guard Tower
07:16 Guard Tower
07:17 Scout Tower
07:17 Scout Tower
07:18 Scout Tower
07:39 Scout Tower
07:40 Scout Tower
07:51 Guard Tower
07:51 Guard Tower
07:51 Guard Tower
08:00 Guard Tower
08:01 Guard Tower
08:01 Guard Tower
08:16 Guard Tower
08:17 Guard Tower
08:17 Guard Tower
08:51 Guard Tower
08:51 Guard Tower
08:51 Guard Tower
09:18 Castle
09:18 Castle
09:18 Castle
10:33 Gryphon Aviary
10:34 Gryphon Aviary
11:05 Town Hall
11:08 Scout Tower
11:08 Scout Tower
11:09 Scout Tower
11:10 Scout Tower
11:36 Scout Tower
11:37 Scout Tower
11:37 Scout Tower
11:38 Scout Tower
11:38 Scout Tower
12:13 Guard Tower
12:14 Guard Tower
12:14 Guard Tower
13:14 Farm
13:15 Farm
13:27 Guard Tower
13:27 Guard Tower
13:56 Scout Tower
13:57 Scout Tower
13:58 Scout Tower
16:21 Gryphon Aviary
16:22 Gryphon Aviary
17:03 Farm
17:03 Farm
17:38 Guard Tower
17:38 Guard Tower
17:38 Guard Tower
17:43 Scout Tower
17:43 Scout Tower
17:48 Keep
17:48 Keep
17:48 Keep
17:48 Keep
17:57 Gryphon Aviary
17:58 Gryphon Aviary
17:59 Gryphon Aviary
18:02 Altar of Kings
18:06 Arcane Vault
18:18 Guard Tower
18:19 Guard Tower
18:19 Guard Tower
18:32 Scout Tower
18:33 Scout Tower
19:02 Guard Tower
19:02 Guard Tower
19:13 Scout Tower
19:18 Scout Tower
19:23 Farm
19:31 Farm
19:38 Farm
19:40 Guard Tower
19:41 Guard Tower
19:41 Guard Tower
19:55 Arcane Sanctum
20:08 Guard Tower
20:08 Guard Tower
20:08 Guard Tower
20:13 Scout Tower
20:16 Scout Tower
20:20 Castle
20:20 Castle
20:42 Guard Tower
20:42 Guard Tower
20:42 Guard Tower
20:43 Guard Tower
20:44 Guard Tower
20:44 Guard Tower
20:48 Scout Tower
20:49 Scout Tower
20:50 Scout Tower
20:51 Scout Tower
20:52 Scout Tower
21:20 Guard Tower
21:20 Guard Tower
21:21 Guard Tower
21:33 Guard Tower
21:33 Guard Tower
24:06 Watch Tower
24:08 Watch Tower
24:09 Watch Tower
24:10 Watch Tower
25:28 Scout Tower
25:28 Scout Tower
25:31 Scout Tower
25:34 Scout Tower
25:39 Scout Tower
25:42 Scout Tower
26:18 Guard Tower
26:43 Scout Tower
26:44 Scout Tower
26:44 Scout Tower
26:45 Scout Tower
27:05 Guard Tower
27:05 Guard Tower
27:05 Guard Tower
27:05 Guard Tower
27:33 Guard Tower
27:33 Guard Tower
27:34 Guard Tower
28:13 Guard Tower
28:13 Guard Tower
28:29 Scout Tower
29:34 Farm
29:38 Farm
29:41 Farm
29:51 Farm
30:47 Lumber Mill
30:56 Lumber Mill
31:42 Gryphon Aviary
32:00 Guard Tower
32:00 Guard Tower
32:00 Guard Tower
32:00 Guard Tower
32:15 Guard Tower
32:15 Guard Tower
32:15 Guard Tower
32:19 Guard Tower
32:20 Guard Tower
32:20 Guard Tower
32:20 Guard Tower
32:23 Guard Tower
32:23 Guard Tower
32:23 Guard Tower
34:08 Guard Tower
34:09 Guard Tower
34:09 Guard Tower
34:09 Guard Tower
34:15 Guard Tower
34:15 Guard Tower
34:15 Guard Tower
34:16 Guard Tower
» items
| Scroll of Regeneration | 8 | |
| Mechanical Critter | 2 | |
| Lesser Clarity Potion | 3 | |
| Scroll of Town Portal | 2 | |
| Ivory Tower | 12 | |
27 total
team 2 (loser)
Arcanis_809 (
green | 47 APM | 2736 actions | 58:01)
8 Dark Ranger
3 Black Arrow
3 Silence
1 Charm
1 Life Drain
6 Priestess of the Moon
3 Trueshot Aura
2 Searing Arrows
1 Starfall
1 Death Knight
1 Unholy Aura
» actions
| Assign group hotkey | 48 | |
| Basic commands | 87 | |
| Build / train | 120 | |
| Enter build submenu | 36 | |
| Enter hero's abilities submenu | 15 | |
| Give item / drop item | 4 | |
| Right click | 1024 | |
| Select / deselect | 840 | |
| Select group hotkey | 485 | |
| Use ability | 75 | |
2736 total
» units
| Wisp | 23 | |
| Archer | 6 | |
| Druid of the Talon | 2 | |
| Hippogryph | 12 | |
| Chimaera | 9 | |
| Acolyte | 3 | |
| Goblin Zeppelin | 2 | |
57 total
» upgrades
| Improved Bows | 1 | |
| Strength of the Wild | 3 | |
| Reinforced Hides | 3 | |
| Druid of the Talon Training | 2 | |
| Nature's Blessing | 1 | |
| Corrosive Breath | 1 | |
| Mark of the Talon | 1 | |
| Backpack | 1 | |
| Well Spring | 1 | |
| Ultravision | 1 | |
| Strength of the Moon | 2 | |
| Moon Armor | 2 | |
| Creature Attack | 2 | |
| Creature Carapace | 3 | |
| Abolish Magic | 1 | |
| Druid of the Claw Training | 1 | |
| Cannibalize | 1 | |
| Hippogryph Taming | 1 | |
28 total
» buildings
| Moon Well | 6 | |
| Altar of Elders | 1 | |
| Ancient of War | 1 | |
| Tree of Ages | 1 | |
| Tree of Life | 1 | |
| Ancient of Wonders | 1 | |
| Ancient of Wind | 4 | |
| Hunter's Hall | 1 | |
| Tree of Eternity | 1 | |
| Ancient Protector | 2 | |
| Chimaera Roost | 2 | |
| Necropolis | 1 | |
| Crypt | 1 | |
| Ziggurat | 1 | |
| Tomb of Relics | 1 | |
| Graveyard | 1 | |
| Halls of the Dead | 1 | |
| Ancient of Lore | 1 | |
| Altar of Darkness | 1 | |
| Black Citadel | 1 | |
30 total
» build order
00:18 Moon Well
00:19 Altar of Elders
00:26 Ancient of War
01:50 Moon Well
02:00 Moon Well
04:00 Tree of Ages
05:16 Tree of Life
06:25 Ancient of Wonders
06:36 Ancient of Wind
06:37 Ancient of Wind
06:57 Hunter's Hall
07:35 Tree of Eternity
10:06 Ancient Protector
10:08 Chimaera Roost
10:08 Chimaera Roost
10:57 Ancient of Wind
11:08 Ancient of Wind
12:11 Moon Well
12:13 Moon Well
12:13 Moon Well
12:21 Ancient Protector
24:29 Necropolis
25:48 Crypt
25:50 Ziggurat
25:51 Tomb of Relics
25:56 Graveyard
26:16 Halls of the Dead
27:17 Ancient of Lore
28:12 Altar of Darkness
29:15 Black Citadel
» items
| Circlet of Nobility | 3 | |
| Dust of Appearance | 1 | |
| Scroll of Town Portal | 3 | |
| Potion of Lesser Invulnerability | 1 | |
| Scroll of Healing | 1 | |
| Scroll of Protection | 1 | |
| Staff of Teleportation | 2 | |
| Boots of Speed | 1 | |
13 total

»
Bowser (
red | 27 APM | 1543 actions | 58:01)
7 Tauren Chieftain
3 War Stomp
3 Endurance Aura
1 Reincarnation
» actions
| Assign group hotkey | 61 | |
| Basic commands | 146 | |
| Build / train | 129 | |
| Enter build submenu | 39 | |
| Enter hero's abilities submenu | 7 | |
| Give item / drop item | 5 | |
| Remove unit from queue | 6 | |
| Right click | 323 | |
| Select / deselect | 456 | |
| Select group hotkey | 267 | |
| Use ability | 104 | |
1543 total
» units
| Peon | 14 | |
| Grunt | 7 | |
| Goblin Shredder | 3 | |
| Goblin Zeppelin | 1 | |
| Tauren | 8 | |
| Spirit Walker | 3 | |
| Troll Headhunter/Berserker | 14 | |
| Kodo Beast | 3 | |
| Shaman | 4 | |
| Troll Witch Doctor | 4 | |
61 total
» upgrades
| Berserker Strength | 1 | |
| Spirit Walker Training | 2 | |
| Pulverize | 1 | |
| Reinforced Defenses | 1 | |
| War Drums Damage Increase | 1 | |
| Melee Weapons | 3 | |
| Armor | 4 | |
| Berserker Upgrade | 1 | |
| Troll Regeneration | 1 | |
| Witch Doctor Training | 3 | |
| Shaman Training | 2 | |
| Ranged Weapons | 2 | |
22 total
» buildings
| Orc Burrow | 13 | |
| Altar of Storms | 1 | |
| Barracks | 2 | |
| Voodoo Lounge | 1 | |
| Stronghold | 5 | |
| War Mill | 1 | |
| Fortress | 4 | |
| Spirit Lodge | 2 | |
| Beastiary | 1 | |
| Great Hall | 13 | |
| Tauren Totem | 3 | |
46 total
» build order
00:47 Orc Burrow
00:56 Altar of Storms
01:11 Barracks
01:24 Orc Burrow
02:22 Voodoo Lounge
03:21 Stronghold
03:21 Stronghold
03:21 Stronghold
03:37 Orc Burrow
06:07 War Mill
06:42 Fortress
06:43 Fortress
07:09 Spirit Lodge
07:41 Beastiary
07:52 Orc Burrow
09:07 Great Hall
09:21 Tauren Totem
09:33 Tauren Totem
10:32 Tauren Totem
10:52 Great Hall
12:53 Great Hall
13:39 Orc Burrow
16:41 Barracks
17:16 Spirit Lodge
26:52 Great Hall
28:36 Great Hall
29:21 Orc Burrow
29:21 Orc Burrow
29:22 Orc Burrow
30:50 Great Hall
31:17 Orc Burrow
31:18 Orc Burrow
31:19 Orc Burrow
31:23 Orc Burrow
31:23 Orc Burrow
32:18 Great Hall
33:07 Stronghold
33:07 Stronghold
37:05 Great Hall
37:42 Fortress
40:59 Great Hall
41:03 Great Hall
41:09 Great Hall
41:14 Great Hall
41:23 Great Hall
» items
| Healing Salve | 3 | |
| Orb of Lightning | 1 | |
| Scroll of Town Portal | 1 | |
| Scroll of Speed | 1 | |
| Lesser Clarity Potion | 1 | |
7 total
StraightUp (
orange | 41 APM | 2352 actions | 58:01)
8 Blademaster
3 Wind Walk
3 Critical Strike
1 Bladestorm
1 Mirror Image
» actions
| Assign group hotkey | 29 | |
| Basic commands | 307 | |
| Build / train | 77 | |
| Enter build submenu | 44 | |
| Enter hero's abilities submenu | 8 | |
| Give item / drop item | 7 | |
| Right click | 936 | |
| Select / deselect | 390 | |
| Select group hotkey | 362 | |
| Use ability | 192 | |
2352 total
» units
| Peon | 8 | |
| Grunt | 5 | |
| Goblin Shredder | 2 | |
| Goblin Zeppelin | 6 | |
| Troll Batrider | 11 | |
| Wind Rider | 2 | |
| Blue Dragon | 2 | |
| Goblin Sapper | 4 | |
40 total
» upgrades
| Reinforced Defenses | 1 | |
| Ranged Weapons | 3 | |
| Armor | 3 | |
| Troll Regeneration | 1 | |
| Liquid Fire | 1 | |
| Envenomed Spears | 1 | |
10 total
» buildings
| Orc Burrow | 9 | |
| Altar of Storms | 1 | |
| Barracks | 1 | |
| Voodoo Lounge | 1 | |
| War Mill | 2 | |
| Stronghold | 1 | |
| Great Hall | 1 | |
| Watch Tower | 22 | |
| Fortress | 1 | |
| Beastiary | 4 | |
43 total
» build order
00:13 Orc Burrow
00:55 Altar of Storms
00:56 Barracks
01:07 Orc Burrow
01:56 Voodoo Lounge
02:39 War Mill
03:49 Orc Burrow
04:37 Stronghold
04:57 Great Hall
05:29 Orc Burrow
05:48 Watch Tower
05:49 Watch Tower
05:49 Watch Tower
09:04 Fortress
09:14 Watch Tower
09:15 Watch Tower
09:21 Watch Tower
09:23 Watch Tower
10:30 Watch Tower
10:32 Watch Tower
10:33 Watch Tower
10:47 Watch Tower
10:49 Watch Tower
11:10 Watch Tower
11:12 Watch Tower
11:13 Watch Tower
12:00 Watch Tower
12:54 Watch Tower
12:54 Watch Tower
14:22 Beastiary
14:23 Beastiary
14:29 Beastiary
15:06 Beastiary
16:10 Watch Tower
16:11 Watch Tower
16:15 Watch Tower
17:46 War Mill
29:03 Orc Burrow
29:05 Orc Burrow
29:08 Orc Burrow
29:09 Orc Burrow
29:10 Orc Burrow
» items
| Healing Salve | 4 | |
| Boots of Speed | 1 | |
| Staff of Teleportation | 1 | |
| Potion of Lesser Invulnerability | 1 | |
| Potion of Mana | 2 | |
| Lesser Clarity Potion | 2 | |
| Orb of Lightning | 1 | |
| Potion of Healing | 1 | |
| Scroll of Town Portal | 1 | |
14 total
TRESPERAT (
yellow | 42 APM | 2424 actions | 58:01)
5 Blademaster
3 Wind Walk
2 Critical Strike
4 Shadow Hunter
2 Hex
2 Healing Wave
» actions
| Assign group hotkey | 24 | |
| Basic commands | 145 | |
| Build / train | 76 | |
| Enter build submenu | 25 | |
| Enter hero's abilities submenu | 9 | |
| Give item / drop item | 1 | |
| Right click | 998 | |
| Select / deselect | 308 | |
| Select group hotkey | 695 | |
| Use ability | 143 | |
2424 total
» units
| Peon | 25 | |
| Wind Rider | 9 | |
| Goblin Zeppelin | 3 | |
| Troll Batrider | 4 | |
| Goblin Sapper | 5 | |
46 total
» upgrades
| Reinforced Defenses | 1 | |
| Ranged Weapons | 2 | |
| Armor | 2 | |
| Envenomed Spears | 1 | |
6 total
» buildings
| Altar of Storms | 1 | |
| Orc Burrow | 6 | |
| Stronghold | 2 | |
| War Mill | 2 | |
| Voodoo Lounge | 2 | |
| Fortress | 1 | |
| Beastiary | 3 | |
| Great Hall | 3 | |
| Watch Tower | 28 | |
48 total
» build order
00:07 Altar of Storms
00:22 Orc Burrow
02:06 Stronghold
02:13 War Mill
02:18 Orc Burrow
02:19 Orc Burrow
02:20 Orc Burrow
02:40 Voodoo Lounge
04:46 Fortress
05:02 Beastiary
05:08 Beastiary
08:28 Great Hall
09:35 Great Hall
09:59 Watch Tower
10:00 Watch Tower
10:46 Orc Burrow
12:04 Watch Tower
13:16 Watch Tower
13:17 Watch Tower
13:17 Watch Tower
13:22 Watch Tower
13:30 Orc Burrow
13:37 Voodoo Lounge
14:09 War Mill
15:44 Watch Tower
15:45 Watch Tower
15:45 Watch Tower
15:45 Watch Tower
15:46 Watch Tower
15:57 Watch Tower
15:57 Watch Tower
15:58 Watch Tower
15:58 Watch Tower
15:59 Watch Tower
15:59 Watch Tower
16:38 Beastiary
20:47 Great Hall
22:34 Stronghold
24:30 Watch Tower
24:30 Watch Tower
24:31 Watch Tower
24:32 Watch Tower
24:32 Watch Tower
24:33 Watch Tower
27:59 Watch Tower
28:00 Watch Tower
28:00 Watch Tower
» items
| Healing Salve | 1 | |
| Scroll of Town Portal | 3 | |
| Orb of Lightning | 1 | |
| Staff of Teleportation | 2 | |
| Potion of Lesser Invulnerability | 1 | |
8 total
Chat log
(00:07 / Allies) whatitis: 100g?
(00:11 / Allies) ink718: rush or no?
(00:19 / Allies) whatitis: not a rysh map
(00:29 / Allies) ink718: tahst why u rush u
(00:31 / Allies) ink718: surprise
(00:49 / Allies) whatitis: cc
(01:22 / Allies) whatitis: units?
(01:25 / Allies) qadsd: eah
(01:25 / Allies) qadsd: yeah
(01:48 / Allies) whatitis: whats everyone getting
(01:52 / Allies) qadsd: yeh
(01:58 / Allies) whatitis: ??
(02:02 / Allies) ink718: wyva and bats
(03:07 / Allies) whatitis: fuck
(03:08 / Allies) whatitis: really blue
(03:21 / Allies) whatitis: take my expo
(03:23 / Allies) whatitis: fucked up
(03:25 / Allies) qadsd: its not yours
(03:32 / Allies) whatitis: that is urs
(03:35 / Allies) qadsd: no
(03:37 / Allies) qadsd: this is mine
(03:37 / Allies) whatitis: everony knows
(03:40 / Allies) qadsd: stfu
(03:43 / Allies) qadsd: dont be a cunt
(03:46 / Allies) qadsd: its a team game
(04:07 / Allies) whatitis: its w/e
(04:11 / Allies) qadsd: kk
(04:13 / Allies) qadsd: good, be a team player man
(05:36 / Allies) ink718: lubmer me
(06:37 / All) StraightUp: faggot teal
(06:42 / All) whatitis: suck iut
(06:51 / All) qadsd: teal is a faggot
(07:09 / Allies) whatitis: aight blue
(07:15 / Allies) whatitis: thought we were boys
(07:16 / Allies) BooOOooOO: blue
(07:20 / Allies) BooOOooOO: stop folclowing and stealing
(07:24 / Allies) qadsd: I didn't need your help faggot
(07:25 / Allies) qadsd: stfu
(07:27 / Allies) qadsd: you stole my creeps
(07:30 / Allies) qadsd: I was heading here first
(07:34 / All) qadsd: jesus christ my whole team is idiots
(07:35 / Allies) BooOOooOO: fucker
(07:41 / Allies) BooOOooOO: be fucking quiet your noob mouth
(07:42 / Allies) BooOOooOO: fucketr
(07:49 / Allies) qadsd: you be quiet about your dumb fucking noob mouth bitch
(08:33 / Allies) whatitis: wood?
(08:37 / Allies) qadsd: lol not for you
(08:38 / All) Arcanis_809: why tower up the expo like that
(08:41 / All) Arcanis_809: and leave the main with nothing
(09:50 / All) Arcanis_809: triple beastiary on 1 goldmine
(10:13 / Allies) BooOOooOO: build shop purple
(10:23 / Allies) BooOOooOO: shop purple
(10:31 / Allies) whatitis: lets get mid asap
(10:44 / Allies) qadsd: I don't need your help clearing mid
(10:48 / Allies) qadsd: one hero is enough dont leech my xp
(10:55 / Allies) whatitis: ?
(11:00 / Allies) qadsd: 1 hero is enough to creep mid noob
(11:01 / Allies) whatitis: dude ur not being a team player
(11:02 / Allies) BooOOooOO: purple
(11:16 / Allies) ink718: yo
(12:27 / Allies) qadsd: faggot
(12:29 / Allies) qadsd: leeching my xp
(12:33 / Allies) whatitis: wtfu
(12:33 / Allies) qadsd: I didn't need your help bitch
(12:42 / Allies) whatitis: ihave it to u
(12:44 / Allies) qadsd: dumbass leech
(12:50 / Allies) qadsd: k
(12:50 / Allies) qadsd: ty
(12:52 / Allies) whatitis: wow
(12:55 / Allies) whatitis: ur a fucking fag
(12:56 / Allies) ink718: yo
(13:00 / Allies) ink718: play as a team
(13:01 / Allies) ink718: wtf man
(13:03 / Allies) qadsd: speak for yourself teal
(13:05 / Allies) qadsd: I said I had mid
(13:07 / Allies) qadsd: and didn't need help
(13:15 / Allies) whatitis: i dont give a fuck what u said
(13:18 / Allies) whatitis: ur a fucking clown
(13:24 / Allies) qadsd: you listen to what I say because I am better than you
(13:29 / Allies) qadsd: if I want a doom horn
(13:31 / Allies) qadsd: you give me it, bitch
(13:42 / Allies) qadsd: understood?
(13:45 / Allies) whatitis: wtfu
(13:47 / Allies) whatitis: stfu
(14:10 / All) qadsd: 4 peons on mine
(14:11 / All) qadsd: I fix for you
(15:18 / Allies) whatitis: pink purp
(15:20 / Allies) whatitis: any wood/
(15:41 / Allies) qadsd: why would anyone give a noob wood
(15:45 / Allies) whatitis: ty
(15:49 / Allies) qadsd: who gave you that
(15:58 / Allies) ink718: blue
(16:00 / Allies) ink718: share gold
(16:04 / Allies) ink718: team play bro
(16:05 / Allies) qadsd: hell no not with you scrubs
(16:14 / Allies) ink718: fucking nub
(16:18 / Allies) ink718: its fucking 4v4
(16:23 / Allies) ink718: not fucking 4v1 u fucking noob
(16:25 / Allies) qadsd: lol
(16:29 / Allies) qadsd: I can win by myself you just don't understand the rules of the game
(16:32 / Allies) qadsd: I can do whatever I want everyone in this match is my bitch
(17:51 / All) ink718: fucking nub blue
(18:10 / Allies) qadsd: lol
(18:15 / Allies) qadsd: I'm not helping you pricks
(19:05 / All) qadsd: I have a totally noob team
(19:41 / Allies) whatitis: can we mmet and hit
(19:44 / Allies) whatitis: as a tem
(19:48 / Allies) qadsd: I'll bring a blood mage to leech XP if you want
(20:04 / Allies) qadsd: let's meet and hit I want a phoenix
(20:08 / Allies) whatitis: ojk
(20:42 / All) StraightUp: shiteet
(20:49 / All) StraightUp: forgot I didn't have tp
(21:09 / Allies) qadsd: omw to help with bm
(21:19 / Allies) whatitis: [plz help
(21:23 / Allies) BooOOooOO: total
(21:26 / Allies) BooOOooOO: trash
(21:41 / All) ink718: blue is trash
(21:43 / Allies) qadsd: that bms flamestrioke just did more than u will all game pink
(21:48 / All) qadsd: I have a noob team
(21:49 / All) ink718: fucking 10k gold
(21:51 / All) StraightUp: LOL
(21:54 / All) StraightUp: purple you are horrible
(21:57 / All) StraightUp: don't talk
(21:57 / All) qadsd: see
(21:57 / All) ink718: he desnt wanna attack
(21:59 / All) qadsd: even orange agrees
(22:01 / All) qadsd: you fucking blow
(22:06 / Allies) BooOOooOO: teal tp
(22:09 / All) ink718: both of u fucking blow
(22:12 / All) ink718: its fucking 4v4
(22:16 / All) ink718: not 4v1 nub
(22:18 / All) StraightUp: purple you're the worse and it's not close
(22:18 / All) qadsd: lol
(22:20 / All) qadsd: I did more than you
(22:23 / All) qadsd: with flamestrike probably
(22:31 / All) qadsd: dumb retard noob
(22:34 / Allies) BooOOooOO: next time i wil not wait
(22:38 / Allies) BooOOooOO: blue and purple
(22:41 / Allies) BooOOooOO: pain in the ass
(22:45 / Allies) qadsd: lol
(22:48 / Allies) BooOOooOO: very painful pain
(22:52 / Allies) BooOOooOO: gg teal
(22:58 / Allies) whatitis: wow
(23:01 / Allies) whatitis: cant believe this shit
(23:04 / Allies) whatitis: had it won
(23:06 / Allies) qadsd: lol
(23:11 / All) Arcanis_809: i think you need more beastiaries & fewer goldmines purple
(23:13 / Allies) qadsd: we lost when we got oyur noob ass on our team teal
(23:15 / Allies) qadsd: you make any team lose anytime
(23:22 / All) Arcanis_809: that non stop army you're cranking out
(23:35 / Allies) qadsd: out purple
(23:38 / All) qadsd: purple fail tk lol
(23:42 / Allies) whatitis: gold me
(23:43 / Allies) whatitis: now
(23:47 / Allies) qadsd: dumb noob bitch lol
(23:49 / Allies) qadsd: can't tk worth shit
(23:51 / All) qadsd: LOL
(23:55 / All) qadsd: he lost all his shit in a fail tk and left
(24:04 / All) Arcanis_809: 3 boneyards & 1 goldmine
(24:09 / Allies) whatitis: ur the reason we lost
(24:10 / Allies) whatitis: bluje
(24:13 / All) Arcanis_809: nigger i wouldnt do 2
(24:13 / Allies) qadsd: lol
(24:15 / Allies) whatitis: 1000%
(24:19 / Allies) qadsd: stfu bitch
(24:26 / Allies) qadsd: I own you
(24:28 / Allies) qadsd: you are my property, slave
(24:42 / All) StraightUp: tri hero faggot
(24:47 / All) whatitis: suck a dick
(24:49 / All) whatitis: u all suck
(24:52 / All) qadsd: Teal is my slave
(24:52 / All) StraightUp: I raped you all game faggot
(24:53 / All) StraightUp: LOL
(24:53 / All) qadsd: he is my bitch
(25:01 / Allies) BooOOooOO: this fucker didn't even play
(25:02 / All) qadsd: I own teal
(25:06 / All) StraightUp: big teal
(25:06 / All) qadsd: he is my property
(25:07 / All) StraightUp: deal
(25:09 / Allies) BooOOooOO: mine digger
(25:20 / All) StraightUp: only got my hero at lal because I dropped tp
(25:55 / All) qadsd: pink tk now
(26:22 / All) qadsd: lol
(26:27 / All) qadsd: dumb bitch can't tk right
(26:40 / Allies) BooOOooOO: bitch
(26:44 / Allies) BooOOooOO: i am coming agin
(26:45 / Allies) BooOOooOO: lol
(27:07 / All) StraightUp: SUCK A DICK NEWBIE
(27:15 / All) whatitis: u sukc
(27:17 / All) BooOOooOO: be quiet noob
(27:18 / All) StraightUp: LOL
(27:19 / All) StraightUp: NOOB
(27:20 / All) BooOOooOO: this is 2v4
(27:22 / All) BooOOooOO: whole time
(27:25 / All) whatitis: blue blew game
(27:29 / All) BooOOooOO: so shut the fuck up and enjoy your noob win
(27:44 / All) qadsd: I got stuck with angry noobs
(28:02 / All) BooOOooOO: one advice
(28:06 / All) qadsd: out pink
(28:09 / All) BooOOooOO: kill blue and purple
(28:11 / All) BooOOooOO: when you see
(28:15 / All) qadsd: they will never touch me
(28:15 / All) BooOOooOO: and take their mine
(28:17 / All) qadsd: I control this game
(28:20 / All) qadsd: you are my slave pink
(28:24 / All) BooOOooOO: no reason to wait
(28:30 / All) BooOOooOO: this 10000 gold digger
(30:51 / All) TRESPERAT: inc disc hack green
(30:53 / All) TRESPERAT: i think
(31:12 / All) TRESPERAT: we know of the tp staff lol
(31:16 / All) qadsd: I get pissed off easy when tired
(31:17 / All) TRESPERAT: and we know ur a friend of mugaro's
(31:23 / All) qadsd: not sure why I am so ticked off at my team this game but it was funny
(32:03 / All) TRESPERAT: u arent as well informed as us green
(32:05 / All) TRESPERAT: im sorry
(32:19 / All) StraightUp: WHAT ARE YOU DENSE
(32:23 / All) TRESPERAT: lol
(32:32 / All) qadsd: reveal my top island
(32:33 / All) StraightUp: good trick green
(32:34 / All) TRESPERAT: aka gina yo
(32:35 / All) StraightUp: you showed us
(32:40 / All) qadsd: it's sick
(32:44 / All) qadsd: impenetrable and no one to attack it
(32:51 / All) qadsd: my fortresses never have worthy opponents
(33:06 / All) TRESPERAT: correct most dont
(34:08 / All) TRESPERAT: green can u at least answer who plays on holloway. is it norma jean
(34:17 / All) TRESPERAT: i learned it from dratsab
(34:27 / All) TRESPERAT: mugaro used to post on his site as enjoythepens
(34:37 / All) StraightUp: he's the fake mugaro
(34:44 / All) TRESPERAT: the real mugaro is kenton
(34:48 / All) TRESPERAT: the real i mean
(34:52 / All) StraightUp: fake
(35:00 / All) StraightUp: my understanding is that there was a dif mugaro
(35:03 / All) StraightUp: and he gave you the account
(35:12 / All) TRESPERAT: who is the real then lawl
(35:13 / All) StraightUp: That's not my understanding tho!
(35:21 / All) StraightUp: So then you are an imposter
(35:30 / All) TRESPERAT: red is so clueless lol
(35:34 / All) TRESPERAT: he has no idea wut is going on
(35:45 / All) StraightUp: Calling a spade a spade
(36:42 / All) TRESPERAT: to be honest i didnt want to do to u green if ur the real mugaro . yes i know you've been doing this a long time lol
(36:51 / All) StraightUp: He's got a facebook
(36:55 / All) TRESPERAT: who
(37:02 / All) StraightUp: Dah ratsab
(37:06 / All) qadsd: your team has a face mugaro?
(37:28 / All) qadsd: I'm alt tabbed what'd I miss
(37:30 / All) qadsd: fake mugaro?
(37:33 / All) StraightUp: ain't no quit in red
(37:38 / All) TRESPERAT: real i think
(37:55 / All) TRESPERAT: according to dratsab
(38:07 / All) TRESPERAT: there was once a "bser" clan that had all its members banned
(38:18 / All) TRESPERAT: like in 2005 prob
(38:45 / All) TRESPERAT: ur superguy on wcr?
(38:46 / All) StraightUp: you guys really did have small penises
(39:07 / All) StraightUp: dratsab has a micro peen
(39:19 / All) TRESPERAT: i was just talking ; didnt really know. we just play on lvl 1 alts
(39:26 / All) TRESPERAT: I remember when
(39:29 / All) qadsd: I'm missing out on 1/3 this conversation in allied chat
(39:35 / All) Arcanis_809: k
(39:38 / All) TRESPERAT: normajean and immessingaround used to tree hide against the top rt players in 3s
(39:44 / All) Arcanis_809: but the problem with doing 0-0 rt stabbing is its not as difficult
(39:53 / All) Arcanis_809: thats why i got high ell & stabbed high players
(40:14 / All) StraightUp: is red a bot
(40:14 / All) qadsd: We did some high ELL stabs on accounts that were given to us
(40:23 / All) StraightUp: what is up with this guy
(40:26 / All) qadsd: I played on darknesscalls' account several times or whatever which was like 50-10
(40:27 / All) Arcanis_809: the entire reason im playing on this account is to level it up so i can do more high level rt stabbing
(40:34 / All) TRESPERAT: i mean
(40:36 / All) Arcanis_809: i got holloway high enough
(40:39 / All) qadsd: what are the high level rt queue times like now
(40:40 / All) TRESPERAT: if u stab , stab iamchris
(40:42 / All) TRESPERAT: hes such a baby
(40:46 / All) TRESPERAT: iamchris is the biggest baby ever
(40:47 / All) qadsd: they were hell a few years ago
(40:55 / All) Arcanis_809: last time i played him i beat him with my dumbass 50 food ne strategy
(40:57 / All) qadsd: and now even low ell queues can take several minutes
(41:00 / All) Arcanis_809: which was sad since he picks ud
(41:02 / All) TRESPERAT: i uploaded a 4v4rt on 2nd page of wcr, he got really pissed butt ried to hide it
(41:17 / All) Arcanis_809: its too bad he doesnt play anymore
(41:25 / All) Arcanis_809: i turned diablojoint from a try hard ne player to a bloodmage stabber
(41:52 / All) StraightUp: I think these were not hte best item
(41:54 / All) StraightUp: s for BM
(41:58 / All) StraightUp: because he has so little HP
(42:04 / All) qadsd: I had sweet bm items this game but I'm too tired and not on the 2 stabber team to get much use out of them
(42:05 / All) Arcanis_809: i dont ever get anyone to stab with
(42:10 / All) qadsd: pendant of energy, cloak of flames, unholy aura
(42:25 / All) qadsd: I almost didn't get the unholy aura I was screaming at my team for some reason this game
(42:28 / All) Arcanis_809: so im just levelling up accounts on the off chance that they come back to help stab
(42:30 / All) TRESPERAT: i think u let me play on 418 for a bit i only played once or twice on it
(42:31 / All) qadsd: but teal, who I was yelling at all game, just ahnded it over
(42:34 / All) Arcanis_809: we did a bit last week but we ended up on the same team
(42:45 / All) Arcanis_809: yeah i got holloway & 418 to the same ell
(42:52 / All) Arcanis_809: so i was levelling this up to match those 2
(43:08 / All) TRESPERAT: we would have made this a standoff between bot red and pink but cant do that now
(43:14 / All) TRESPERAT: i know green wouldnt ahve stayed lolz
(43:18 / All) qadsd: My whole team was trying to tk me
(43:22 / All) Arcanis_809: the important thing is
(43:22 / All) qadsd: and each one failed miserably
(43:24 / All) Arcanis_809: i got a death knight out
(43:29 / All) Arcanis_809: tavern/ne/ud hero
(43:36 / All) Arcanis_809: does that impress you much?
(43:46 / All) TRESPERAT: i was wondering that, ya. saw ur expo on right side of map
(43:50 / All) Arcanis_809: you're god damn it does
(44:05 / All) Arcanis_809: gotta drain those 4 mines still
(44:05 / All) qadsd: one time I had dark ranger, mountain king and blademaster which was retarded
(44:07 / All) Arcanis_809: 6
(44:10 / All) qadsd: I just used invisibility
(44:18 / All) qadsd: and charmed, bolted and wind walk killed stuff
(44:42 / All) TRESPERAT: well i wanna watch jeopardy but its saturday.
(44:50 / All) Arcanis_809: drinking game
(44:55 / All) Arcanis_809: during the interview segment
(45:00 / All) Arcanis_809: take a shot every time alex says "good for you!"
(45:00 / All) TRESPERAT: turncoat u drain mines?
(45:04 / All) TRESPERAT: lawl
(45:09 / All) TRESPERAT: they have nonstop health commercials
(45:12 / All) StraightUp: No
(45:14 / All) StraightUp: Not this game
(45:25 / All) TRESPERAT: upload replays on wcr more if uc an i try to get kodos to do it all the time
(45:34 / All) Arcanis_809: none of my games are worth anything
(45:48 / All) StraightUp: I got stabberpalace deleted
(45:54 / All) Arcanis_809: i just do dr potm 10 talons every game
(45:57 / All) StraightUp: by reporting it to invisionfree saying it was racist nazi site
(46:01 / All) Arcanis_809: and for whatever stupid ass reason
(46:04 / All) Arcanis_809: it works quite well
(46:08 / All) StraightUp: and that I would report invisionfree to SPLC etc
(46:10 / All) StraightUp: the jew groups
(46:12 / All) TRESPERAT: u prob vaguely remember me. id went by flamechamp/mugaroiscool. oj is turncoat, dratsabs old friend
(46:19 / All) Arcanis_809: yeah
(46:21 / All) TRESPERAT: i want to clarify something
(46:23 / All) Arcanis_809: ive actually watched your replays of stabbing
(46:24 / All) StraightUp: and it took about 3 months, until that shooting happened with the neo nazi
(46:28 / All) Arcanis_809: it impressed me much
(46:34 / All) qadsd: You wouldn't know me
(46:37 / All) qadsd: the three of us play all the time
(46:40 / All) qadsd: have the past several years
(46:43 / All) Arcanis_809: well shit
(46:47 / All) Arcanis_809: i need someone to play rt with
(46:49 / All) StraightUp: Dratsab said I was a maverick
(46:54 / All) qadsd: we upload our games at highper.ch, all of them
(46:55 / All) Arcanis_809: i just search & hope i dont have to play hackers
(47:01 / All) TRESPERAT: we upload all our shit on highperch
(47:04 / All) Arcanis_809: im somehow banned from highperch
(47:05 / All) StraightUp: I said his girlfriend looked like a dyke dressed up as duke nukem lawl
(47:08 / All) qadsd: check out our games with kbilly
(47:10 / All) StraightUp: he married an obese ginger
(47:14 / All) qadsd: ctrl+f highper.ch for kbilly games
(47:17 / All) qadsd: that guy is fucking nuts
(47:21 / All) TRESPERAT: we get banned all the time they always unban us
(47:28 / All) TRESPERAT: tk kbill definitely
(47:34 / All) Arcanis_809: i still have a screenshot somewhere of a game i did on friends
(47:42 / All) Arcanis_809: diablo joint spelled out NIGGER in orc towers
(47:44 / All) Arcanis_809: cleanly spaced, bolded
(47:49 / All) Arcanis_809: showed up on the mini map & all
(48:14 / All) qadsd: I remember a few games I made swastikas with cannon towers
(48:18 / All) qadsd: they looked slick
(48:22 / All) StraightUp: I made a gigantic swastika that flamechamp was impresesd by
(48:23 / All) TRESPERAT: i think i remember that, we havent done spelling in a long time, last time was "dath" from bnet forums
(48:35 / All) Arcanis_809: used to be id just stab it out with diablo joint
(48:38 / All) Arcanis_809: then wait for them all to leave
(48:54 / All) Arcanis_809: had one game go 40 hours or something nice
(49:02 / All) TRESPERAT: lawl
(49:10 / All) qadsd: One time I made $3 from someone saying he'd pay me for a win
(49:13 / All) qadsd: then he disputed it on paypal
(49:14 / All) TRESPERAT: our longest is only like 18 hours?
(49:26 / All) StraightUp: I like the kbilly game where he compliments my slippers
(49:29 / All) qadsd: So I went around offering my paypal to anyone who would pay up for a win
(49:30 / All) StraightUp: and had to keep complimenting them
(49:37 / All) StraightUp: he called me your grace
(49:45 / All) qadsd: and I ended up getting hacked by a japanese guy, my email and IP was enough to get all my info
(49:51 / All) qadsd: Bad idea connecting to his teamspeak server lol
(50:05 / All) qadsd: He said I wasn't rich so he wouldn't sell my identity because of Japanese honour
(50:15 / All) qadsd: said he sold credit cards for a living
(50:25 / All) qadsd: I made money and got hacked through wc3
(50:33 / All) TRESPERAT: iamchris to me is still #1 these days on hit list just cuz of that game
(50:39 / All) TRESPERAT: partly cuz he is rank 1 and sucks
(50:42 / All) Arcanis_809: what happened
(51:12 / All) Arcanis_809: you know come to think of it
(51:14 / All) TRESPERAT: he just died early and did nothing but talk crap while observing.
(51:24 / All) TRESPERAT: part of it like i said is cuz hes rank 1
(51:24 / All) Arcanis_809: i thought you were just goofing off attacking me
(51:34 / All) qadsd: iamchris was the game with me and you right jake?
(51:35 / All) Arcanis_809: im wondering if i wouldve been able to crack the perch
(51:50 / All) qadsd: I had an annoying human on my team that game too
(51:51 / All) Arcanis_809: how many hawks & gryphons did you have
(52:00 / All) qadsd: I just have 50 food right now
(52:03 / All) qadsd: 6 hawks
(52:04 / All) qadsd: 3 gryphons
(52:07 / All) Arcanis_809: i meant when the stabbing started
(52:07 / All) qadsd: but I have 4 aviaries
(52:10 / All) TRESPERAT: ive wanted to make a game closer , ending with an assault on these perchs but we never do
(52:17 / All) qadsd: oh
(52:23 / All) qadsd: I think pretty similar
(52:29 / All) qadsd: but a few less units, I had about 40 food
(52:48 / All) TRESPERAT: we search in channel nigger but only do it on lvl 1 alts.
(52:49 / All) qadsd: I was food blocked after my main died
(52:52 / All) Arcanis_809: you shouldve known i was a real stabber by the effort it showed
(52:54 / All) TRESPERAT: chode is in channel nigger sometimes
(53:00 / All) Arcanis_809: a real rt nigger you attack them & they double their skill to fight you back
(53:07 / All) Arcanis_809: you attacked me & i cut my effort in half
(53:11 / All) Arcanis_809: thats proof positive
(53:18 / All) qadsd: lol
(53:21 / All) TRESPERAT: ive had it happen to me a few times
(53:26 / All) TRESPERAT: i think we all have
(53:29 / All) Arcanis_809: every single fucking time you stab these people they double their effort
(53:35 / All) Arcanis_809: they go from drooling at the mouth to fucking grubby
(53:40 / All) TRESPERAT: they always say "afk" and never do
(53:52 / All) qadsd: I never notice many people fight back lately
(53:53 / All) Arcanis_809: here
(54:01 / All) qadsd: a lot just leave or take it for some reason
(54:06 / All) Arcanis_809: i just thought it was a goof off stab
(54:08 / All) qadsd: except this game
(54:11 / All) Arcanis_809: i didnt know i was being clear cutted
(54:17 / All) qadsd: I didn't even tk this game but I slept 3 hours last night
(54:24 / All) TRESPERAT: i was gonna give control to green to kill purple with my bats was too lazy to deal with him on edge of map
(54:24 / All) qadsd: and so I was getting pissed off at everything my allies were doing
(54:26 / All) StraightUp: Mugaro
(54:29 / All) Arcanis_809: hi
(54:30 / All) StraightUp: Are you voting for Trump
(54:34 / All) Arcanis_809: god damn right
(54:37 / All) qadsd: and playing a bit slow, so my allies hated me
(54:37 / All) TRESPERAT: lawl
(54:39 / All) TRESPERAT: same
(54:40 / All) qadsd: I kept screaming at them
(54:48 / All) qadsd: CAN'T STUMP THE TRUMP
(55:07 / All) TRESPERAT: red is seriously still here
(55:08 / All) StraightUp: Dratsab has a micropeen like Bobbeh
(55:19 / All) StraightUp: do you remember when he kept showing bobbeh's nude
(55:29 / All) StraightUp: and he had a penis same size or smaller LOL
(55:39 / All) StraightUp: he sent it to a 17 year old girl that ws mentally unstable
(55:47 / All) StraightUp: he cheated on his obese ginger wife
(55:49 / All) TRESPERAT: that is a personal subject. i have no problem with his piece
(55:49 / All) StraightUp: with her
(55:53 / All) StraightUp: then went back to his wife
(56:01 / All) StraightUp: and she went crazy
(56:02 / All) Arcanis_809: im going to assume you want red to leave
(56:05 / All) Arcanis_809: correct?
(56:07 / All) StraightUp: she looked like a fat courtney love
(56:08 / All) TRESPERAT: ya
(56:18 / All) Arcanis_809: once that happens is there a plan?
(56:26 / All) StraightUp: she posted it on craigslist as a gay looking for gay
(56:35 / All) TRESPERAT: id say give u the win cuz idc. want to watch tv in other room
(56:39 / All) StraightUp: so he no doubt got a bunch of texts from gay niggers and spics
(56:39 / All) qadsd: My team has 3 legit players so it'd be better for them to lose
(56:41 / All) qadsd: if red left
(56:59 / All) StraightUp: REd is not going to leave
(57:04 / All) StraightUp: He doiesn't have an ounce of quit in him
(57:17 / All) qadsd: I can leave if you want a win
(57:19 / All) TRESPERAT: should we giv ehim a hero on perch and have blue keep his comp on all night
(57:20 / All) qadsd: for a high ell account
(57:25 / All) StraightUp: Don't do it